 Dungeon Sprint DCSS version 0.22.1-2-g9c5b331383 (webtiles) character file.

5493 Groucho the Protected (level 10, -5/91 HPs)
             Began as a Minotaur Fighter on Nov 16, 2018.
             Was an Elder of Hepliaklqana.
             Killed from afar by a molten gargoyle (27 damage)
             ... with a bolt of magma
             ... in the Dungeon (Sprint VII: "The Pits").
             The game lasted 00:10:26 (1952 turns).

Groucho the Protected (Minotaur Fighter)            Turns: 1952, Time: 00:10:26

Health: -5/91      AC: 18    Str: 26    XL:     10   Next: 42%
Magic:  8/16       EV:  8    Int:  8    God:    Hepliaklqana [****..]
Gold:   0          SH: 14    Dex: 11    Spells: 9/9 levels left

rFire    . . .     SeeInvis .   a - +1 broad axe (freeze)
rCold    . . .     Gourm    .   c - +0 shield
rNeg     . . .     Faith    .   e - +4 chain mail
rPois    .         Spirit   .   (helmet restricted)
rElec    .         Reflect  .   (no cloak)
rCorr    .         Harm     .   (no gloves)
MR       .....     NoTele   +   v - +0 pair of boots
Stlth    ..........             (no amulet)
HPRegen  0.25/turn              s - +3 ring of intelligence
MPRegen  0.15/turn              t - +3 ring of strength

@: very slightly contaminated
A: retaliatory headbutt, reduced essence, horns 2
a: Recall Ancestor, Ancestor Identity, Transference, Idealise, Renounce Religion


You were in the Dungeon.
You worshipped Hepliaklqana.
Hepliaklqana was greatly pleased with you.
You were not hungry.

You visited 1 branch

Inventory:

Hand Weapons
 a - a +1 broad axe of freezing (weapon)
 q - a +2 mace
Missiles
 p - 11 stones (quivered)
Armour
 c - a +0 shield (worn)
 e - a +4 chain mail (worn)
 v - a +0 pair of boots (worn)
Jewellery
 s - a +3 ring of intelligence (left hand)
 t - a +3 ring of strength (right hand)
Scrolls
 m - 3 scrolls of remove curse
 n - 5 scrolls of amnesia
 o - a scroll of summoning
Potions
 b - a potion of curing
 d - 3 potions of might
 h - a potion of haste
 i - 3 potions of magic
 j - 5 potions of berserk rage
 l - a potion of invisibility
Comestibles
 f - 9 rations
 g - 3 chunks of flesh


   Skills:
 + Level 13.7 Fighting
 + Level 13.4 Axes
 + Level 13.7 Armour
 + Level 13.6 Shields
 + Level 10.5 Invocations


You had 9 spell levels left.
You didn't know any spells.
Your spell library was empty.

Dungeon Overview and Level Annotations

Branches:
Dungeon (1/1)

Altars:
Ashenzari
Cheibriados
Dithmenos
Elyvilon
Fedhas
Gozag
Hepliaklqana
Kikubaaqudgha
Makhleb
Nemelex Xobeh
Okawaru
Qazlal
Ru
Sif Muna
Trog
Uskayaw
Vehumet
Wu Jian
Xom
Yredelemnul
Zin
The Shining One
Beogh
Jiyva
Lugonu


Innate Abilities, Weirdness & Mutations

You reflexively headbutt those who attack you in melee.
You have a pair of horns on your head.
Your life essence is reduced to manifest your ancestor. (-10% HP)


Message History

Capo completely misses the guardian mummy.
The molten gargoyle hits you but does no damage.
Unknown command.
Unknown command.
You slash the molten gargoyle! You freeze the molten gargoyle.
The molten gargoyle is moderately damaged.
Capo blocks the guardian mummy's attack.
Capo barely misses the guardian mummy.
The molten gargoyle hits you but does no damage.
Unknown command.
You hit the molten gargoyle but do no damage.
The molten gargoyle is moderately damaged.
Capo blocks the guardian mummy's attack.
Unknown command.
Okay, then.
You barely miss the molten gargoyle.
The molten gargoyle is moderately damaged.
The molten gargoyle blasts magma at you!
The bolt of magma hits you!
You die...

__...###########''######
####'##................#
)))'.##......#..#......#
####.##................+
......'................+
#'#####......#..#......#
..#..##................#
..#))#####'#####''######
###))##.......##@)###############
..#))##.......##9R#..............
..#[[##.......##.M##......)......
÷##'###...<...##..####...#'######
.....##.......##.§#..#####.##...#
.)...##.......##..#....##.†.#...#
#######.......##..'..o..#.††#...#
.##..###########..'.....o...'.).+
..#)############..'.†...#...#÷..#


You could see the friendly Capo the knight, a guardian mummy and a molten
gargoyle.

Vanquished Creatures
  A merfolk avatar (D)
  A two-headed ogre (D)
  A phantasmal warrior (D)
  A spiny frog (D)
  A rime drake (D)
  A tyrant leech (D)
  A polar bear (D)
  A flying skull (D)
  A ynoxinul (D)
  A wyvern (D)
  A wraith (D)
  A basilisk (D)
  3 vampire mosquitoes (D)
  A swamp drake (D)
  A phantom (D)
  An orc warrior (D)
  A necrophage (D)
  A big kobold (D)
  An earth elemental (D)
  A jelly (D)
  2 orc wizards (D)
  A worker ant (D)
  An adder (D)
  An ufetubus (D)
  An adder skeleton (D)
  5 orcs (D)
  A goblin (D)
  2 jackals (D)
  A quokka (D)
  A frilled lizard (D)
38 creatures vanquished.

Vanquished Creatures (collateral kills)
  An orc sorcerer (D)
  A smoke demon (D)
  A water moccasin (D)
  An orc warrior (D)
  An eye of draining (D)
  2 orc priests (D)
  Jessica (D)
  An iguana (D)
  An ooze (D)
  A goblin (D)
  A ball python (D)
12 creatures vanquished.

Vanquished Creatures (others)
  A knight (D)
  An ancestor (D)
2 creatures vanquished.

Grand Total: 52 creatures vanquished

Notes
Turn   | Place    | Note
-------+----------+-------------------------------------------
     0 | D        | Groucho the Minotaur Fighter began the quest for the Orb.
     0 | D        | Reached XP level 1. HP: 19/19 MP: 0/0
    45 | D        | Found a bloodstained altar of Trog.
    45 | D        | Found a deep blue altar of Sif Muna.
    45 | D        | Found a viscous altar of Jiyva.
    45 | D        | Found a hazy altar of Hepliaklqana.
    45 | D        | Found an opulent altar of Gozag.
    46 | D        | Found a glowing golden altar of the Shining One.
    46 | D        | Found a glowing silver altar of Zin.
    46 | D        | Found a basalt altar of Yredelemnul.
    46 | D        | Found a shimmering altar of Xom.
    46 | D        | Found an ornate altar of the Wu Jian Council.
    46 | D        | Found a sacrificial altar of Ru.
    46 | D        | Found a stormy altar of Qazlal.
    46 | D        | Found an iron altar of Okawaru.
    46 | D        | Found a sparkling altar of Nemelex Xobeh.
    46 | D        | Found a burning altar of Makhleb.
    46 | D        | Found a blossoming altar of Fedhas.
    46 | D        | Found a white marble altar of Elyvilon.
    46 | D        | Found a shadowy altar of Dithmenos.
    46 | D        | Found a snail-covered altar of Cheibriados.
    48 | D        | Found a radiant altar of Vehumet.
    48 | D        | Found a corrupted altar of Lugonu.
    48 | D        | Found a roughly hewn altar of Beogh.
    49 | D        | Found a hide-covered altar of Uskayaw.
    49 | D        | Found an ancient bone altar of Kikubaaqudgha.
    49 | D        | Found a shattered altar of Ashenzari.
    64 | D        | Became a worshipper of Hepliaklqana the Forgotten
    85 | D        | Reached XP level 2. HP: 21/25 MP: 1/1
   100 | D        | Noticed a big kobold
   108 | D        | Reached skill level 5 in Fighting
   108 | D        | Reached skill level 5 in Armour
   108 | D        | Reached skill level 5 in Shields
   108 | D        | Reached XP level 3. HP: 18/32 MP: 2/2
   115 | D        | Killed a big kobold
   115 | D        | Reached skill level 5 in Axes
   115 | D        | Reached XP level 4. HP: 17/40 MP: 3/3
   557 | D        | Reached * piety under Hepliaklqana
   580 | D        | Reached ** piety under Hepliaklqana
   647 | D        | Reached *** piety under Hepliaklqana
   724 | D        | Remembered your ancestor Capo as a knight
   726 | D        | Noticed Jessica
   726 | D        | Noticed a flying skull
   728 | D        | Reached **** piety under Hepliaklqana
   737 | D        | Reached skill level 1 in Invocations
   741 | D        | Reached XP level 5. HP: 37/46 MP: 3/5
   742 | D        | Killed Jessica
   751 | D        | Killed a flying skull
   751 | D        | Reached XP level 6. HP: 21/55 MP: 4/8
  1087 | D        | Noticed a basilisk
  1093 | D        | Killed a basilisk
  1093 | D        | Reached skill level 5 in Invocations
  1093 | D        | Reached XP level 7. HP: 32/63 MP: 8/10
  1270 | D        | Noticed a smoke demon
  1280 | D        | Killed a smoke demon
  1280 | D        | Reached skill level 10 in Fighting
  1280 | D        | Reached skill level 10 in Armour
  1280 | D        | Reached skill level 10 in Shields
  1285 | D        | Reached skill level 10 in Axes
  1285 | D        | Reached XP level 8. HP: 60/72 MP: 1/11
  1644 | D        | Reached ***** piety under Hepliaklqana
  1644 | D        | Noticed a rime drake
  1644 | D        | Noticed a phantasmal warrior
  1656 | D        | Killed a rime drake
  1659 | D        | Killed a phantasmal warrior
  1858 | D        | Noticed a tyrant leech
  1861 | D        | Noticed a merfolk avatar
  1870 | D        | Noticed a polar bear
  1875 | D        | Reached XP level 9. HP: 17/81 MP: 14/14
  1876 | D        | Killed a tyrant leech
  1882 | D        | Killed a polar bear
  1883 | D        | Killed a merfolk avatar
  1884 | D        | Reached XP level 10. HP: 32/90 MP: 14/16
  1898 | D        | Noticed a two-headed ogre
  1903 | D        | Killed a two-headed ogre
  1903 | D        | Reached skill level 10 in Invocations
  1914 | D        | Noticed a molten gargoyle
  1914 | D        | Noticed a spiny frog
  1914 | D        | Noticed an orc sorcerer
  1942 | D        | Killed an orc sorcerer
  1943 | D        | Killed a spiny frog
  1952 | D        | Killed from afar by a molten gargoyle

Skill      XL: |  1  2  3  4  5  6  7  8  9 10 |
---------------+-------------------------------+-----
Fighting       | 4 5 6 7 8 9 10 11 12 13 | 13.7
Axes           | 3 4 5 6 8 10 11 12 13 | 13.4
Armour         | 4 5 6 7 8 9 10 11 12 13 | 13.7
Shields        | 4 5 6 7 8 9 10 11 12 13 | 13.6
Invocations    | 2 4 5 6 8 9 10 | 10.5

Action                   |  1- 3 |  4- 6 |  7- 9 | 10-12 || total
-------------------------+-------+-------+-------+-------++-------
Melee: War axe           |    20 |    36 |    20 |       ||    76
       Headbutt          |     2 |     6 |    16 |     4 ||    28
       Broad axe         |       |       |    28 |    17 ||    45
Invok: Ancestor Identity |     1 |       |       |       ||     1
       Ancestor Life: Kn |       |     1 |       |       ||     1
       Transference      |       |       |     2 |     1 ||     3
       Idealise          |       |       |       |     1 ||     1
  Use: Potion            |     1 |     5 |     9 |     4 ||    19
       Scroll            |       |       |       |     1 ||     1
 Stab: Distracted        |       |     1 |     1 |       ||     2
       Invisible         |       |       |     5 |       ||     5
  Eat: Chunk             |       |       |     2 |     1 ||     3
Armor: Scale mail        |     5 |    21 |    10 |       ||    36
       Chain mail        |       |       |    20 |     4 ||    24
Dodge: Dodged            |     9 |    18 |    22 |     5 ||    54
Block: Shield            |    12 |    29 |    59 |     5 ||   105
